 Dungeon Crawl Stone Soup version 0.31.0-4-g52a2dc7128 (webtiles) character file.

Game seed: 7749129668611135330

249669 mainiacjoe the Warrior (level 18, -7/160 (178) HPs)
             Began as a Minotaur Fighter on Jan 21, 2024.
             Was a High Priest of Okawaru.
             Mangled by a saltling (10 damage)
             ... in the Desolation of Salt.
             The game lasted 02:36:29 (44235 turns).

mainiacjoe the Warrior (Minotaur Fighter)          Turns: 44235, Time: 02:36:30

HP:   -7/160 (178)  AC: 45    Str: 22    XL:     18   Next: 88%
MP:   18/24         EV: 19    Int:  5    God:    Okawaru [*****.]
Gold: 525           SH: 30    Dex: 24    Spells: 17/17 levels left

rFire   . . .        a - +1 double sword "Wuer Xikh" {heavy, +Blink Dex+4}
rCold   . . .        k - +0 tower shield
rNeg    . . .        U - +6 crystal plate armour of Weightlessness {Rampage +Blink Dex+3}
rPois   +            (helmet restricted)
rElec   .            t - +2 cloak {rPois}
rCorr   .            i - +1 pair of gloves
SInv    .            q - +1 pair of boots {Fly}
Will    ++...        S - amulet of reflection Stlth
                     o - ring of willpower
HPRegen 0.46/turn    I - +5 ring of evasion {=R}
MPRegen 0.19/turn

%: reflection, rampage
@: about to teleport, heroic, finesse-ful, flying, heavily drained
A: horns 2, retaliatory headbutt
}: 2/15 runes: serpentine, barnacled
a: Renounce Religion, Evoke Blink, Heroism, Finesse, Duel


You were in the Desolation of Salt.
You worshipped Okawaru.
Okawaru was extremely pleased with you.
You visited 6 branches of the dungeon, and saw 31 of its levels.
You visited 2 bazaars.
You also visited: Sewer, Bailey and Desolation.

You collected 4229 gold pieces.
You spent 3704 gold pieces at shops.

Inventory:

Hand Weapons
 a - the +1 double sword "Wuer Xikh" (weapon) {heavy, +Blink Dex+4}
   (Okawaru gifted it to you on level 3 of the Lair of Beasts)

   Dex+4:     It affects your dexterity (+4).
   +Blink:    It lets you blink.
Missiles
 e - 22 poisoned darts
 r - 6 curare-tipped darts {=F}
 H - 37 boomerangs (quivered)
 J - 3 throwing nets {=F}
 L - 5 darts of dispersal {=F}
 M - 6 atropa-tipped darts {=F}
 W - 8 silver javelins
 X - 34 javelins
Armour
 i - a +1 pair of gloves (worn)
 k - a +0 tower shield (worn)
 q - a +1 pair of boots of flying (worn)
 t - a +2 cloak of poison resistance (worn)
 U - the +6 crystal plate armour of Weightlessness (worn) {Rampage +Blink Dex+3}
   (Okawaru gifted it to you on level 3 of the Lair of Beasts)

   Dex+3:     It affects your dexterity (+3).
   +Blink:    It lets you blink.
   Rampage:   It bestows one free step when moving towards enemies.
Jewellery
 b - a ring of resist corrosion
 g - a ring of protection from cold
 j - a ring of see invisible
 n - a ring of protection from fire
 o - a ring of willpower (left hand)
 A - a +4 ring of protection
 I - a +5 ring of evasion (right hand) {=R}
 S - an amulet of reflection (around neck)
Wands
 y - a wand of digging (10)
 K - a wand of iceblast (31)
 N - a wand of mindburst (16)
 O - a wand of polymorph (2)
 P - a wand of acid (10)
Scrolls
 l - 5 scrolls of fog
 m - 2 scrolls of immolation
 p - 6 scrolls of fear
 R - a scroll of blinking
 T - 2 scrolls of vulnerability
 V - 3 scrolls of revelation
 Z - 5 scrolls of teleportation
Potions
 d - 3 potions of berserk rage
 f - 6 potions of haste
 h - a potion of resistance
 u - 4 potions of invisibility
 v - 6 potions of curing
 x - 3 potions of attraction
 B - 3 potions of cancellation
 C - 5 potions of enlightenment
 D - 16 potions of heal wounds
 E - 7 potions of might
Miscellaneous
 z - a phial of floods
 G - a lightning rod (4/4)


   Skills:
 - Level 20.0(25.0) Fighting
 - Level 10.0(18.0) Short Blades
 - Level 14.6(21.0) Long Blades
 - Level 10.0(15.0) Throwing
 + Level 19.0(24.0) Armour
 - Level 10.0(15.0) Dodging
 + Level 17.6(22.6) Shields
 - Level 10.0 Invocations
 - Level 10.0 Evocations


You had 17 spell levels left.
You didn't know any spells.
Your spell library contained the following spells:

 Spells                   Type           Power      Damage    Failure   Level
 Apportation              Tloc           0%         N/A       100%        1
 Magic Dart               Conj           0%         1d3       100%        1
 Necrotise                Necr           0%         1d4       100%        1
 Shock                    Conj/Air       0%         1d3       100%        1
 Sting                    Conj/Alch      0%         1d3       100%        1
 Blink                    Tloc           0%         N/A       100%        2
 Cigotuvi's Dreadful Rot  Necr/Alch/Air  0%         N/A       100%        2
 Ensorcelled Hibernation  Hex/Ice        0%         N/A       100%        2
 Lesser Beckoning         Tloc           0%         N/A       100%        2
 Momentum Strike          Conj/Tloc      0%         3d8       100%        2
 Searing Ray              Conj           0%         2d4       100%        2
 Frozen Ramparts          Ice            0%         1d1       100%        3
 Fugue of the Fallen      Necr           0%         N/A       100%        3
 Gell's Gravitas          Tloc           0%         N/A       100%        3
 Ozocubu's Armour         Ice            0%         N/A       100%        3
 Sigil of Binding         Hex            0%         N/A       100%        3
 Swiftness                Air            0%         N/A       100%        3
 Teleport Other           Tloc           0%         N/A       100%        3
 Airstrike                Air            0%         2d(0-16)  100%        4
 Anguish                  Hex/Necr       0%         N/A       100%        4
 Dimensional Bullseye     Hex/Tloc       0%         N/A       100%        4
 Dispel Undead            Necr           0%         3d6       100%        4
 Fulminant Prism          Conj/Alch      0%         3d5       100%        4
 Iskenderun's Mystic Bla  Conj/Tloc      0%         2d3       100%        4
 Leda's Liquefaction      Alch/Erth      0%         N/A       100%        4
 Manifold Assault         Tloc           0%         N/A       100%        4
 Passage of Golubria      Tloc           0%         N/A       100%        4
 Petrify                  Alch/Erth      0%         N/A       100%        4
 Lee's Rapid Deconstruct  Erth           0%         3d4*      100%        5
 Metabolic Englaciation   Hex/Ice        0%         N/A       100%        5
 Yara's Violent Unravell  Hex/Alch       0%         3d3       100%        5
 Bombard                  Conj/Erth      0%         9d1       100%        6
 Summon Small Mammal      Summ           Unusable   N/A       N/A         1
 Call Canine Familiar     Summ           Unusable   N/A       N/A         3
 Tukima's Dance           Hex            Unusable   N/A       N/A         3
 Martyr's Knell           Necr/Summ      Unusable   N/A       N/A         4
 Death Channel            Necr           Unusable   N/A       N/A         6

Dungeon Overview and Level Annotations

Branches:
Dungeon (15/15)            Temple (0/1) D:5            Lair (5/5) D:11
 Shoals (4/4) Lair:2        Snake (4/4) Lair:2        Slime (0/5) Lair:4
    Orc (2/2) D:11            Elf (1/3) Orc:2        Vaults (0/5) D:13
 Depths (0/4) D:15          Sewer (visited)          Bailey (visited)
Desolation (1/1)

Altars:
Ashenzari
Cheibriados
Dithmenos
Fedhas
Kikubaaqudgha
Makhleb
Okawaru
Sif Muna
Wu Jian
Xom

Shops:
D:5 [   Orc:2 [[*[**   Shoals:4 =

Annotations:
Snake:4 3 runed translucent doors, Dadghomedgh's ghost, adept GnHW; Hirghin's ghost, adept DrBe; Razfen's ghost, adept GnWn


Innate Abilities, Weirdness & Mutations

You have a pair of horns on your head.
You reflexively headbutt those who attack you in melee.


Message History

You slice the halazid warlock!!
The halazid warlock is moderately damaged.
You block the saltling's attack. x3
The saltling hits you but does no damage.
Unknown command.
You barely miss the halazid warlock.
The halazid warlock is moderately damaged.
You block the halazid warlock's attack. You block the saltling's attack.
You block the servant of whispers's attack.
The servant of whispers closely misses you.
You block the saltling's attack.
The saltling hits you but does no damage.
The saltling closely misses you. You furiously retaliate!
You headbutt the saltling. You barely miss the halazid warlock.
You headbutt the halazid warlock, but do no damage.
The halazid warlock is moderately damaged.
You block the saltling's attack.
Unknown command.
You slice the halazid warlock!! You headbutt the halazid warlock.
The halazid warlock is heavily damaged.
You block the saltling's attack.
The halazid warlock points at the saltling and mumbles some strange words.
The saltling's animating energy erupts into ghostly fire!
The ghostly flame explodes!
The ghostly fireball engulfs the halazid warlock.
The halazid warlock completely resists.
The ghostly fireball engulfs the saltling.
The saltling completely resists.
The ghostly fireball engulfs you!!!
You feel drained.
* * * LOW HITPOINT WARNING * * *
The ironbound convoker casts a spell at the ragged hierophant.
The ragged hierophant seems to grow stronger.
The servant of whispers prays to its god.
The air becomes perfectly still.
You block the saltling's attack. x2
You block the servant of whispers's attack.
A saltling comes into view.
The saltling hits you!
You die...

...............
..............#
.............#
#...#.......# ...#.
#.....p.....#/..##...#.
#...(a9.....#/.#.......
###...9999...####....##..
[....S9L@.....#..........
.....9a9.................
###...a..................
#..a.................).
#......................
#......................
.9......................
........................
.. .....................


You could see 2 ragged hierophants, 2 servants of whispers, a halazid warlock
(sheltered), an ironbound convoker, a guardian serpent (summoned, sheltered) and
9 saltlings.

Vanquished Creatures
  Norris (Elf:1)
  4 nagarajas
  Louise (D:14)
  A deep elf elementalist (Elf:1)
  2 imperial myrmidons (Desolation)
  The ghost of TheBioAlchemist the Unseen, a journeyman OpSh of Ashenzari (Snake:1)
  An orc warlord (Bailey)
  A halazid warlock (Desolation)
  A formless jellyfish (Shoals:3)
  7 merfolk javelineers
  2 crystal guardians (Desolation)
  Josephine (D:10)
  11 merfolk impalers
  3 ragged hierophants (Desolation)
  Fannar (D:10)
  8 hydras
  The ghost of Vew Pil the Grappler, a journeyman DrSh of Okawaru (Arena)
  2 centaur warriors
  3 ogre magi
  18 anacondas
  2 merfolk avatars
  2 servants of whispers (Desolation)
  5 salamander tyrants
  A catoblepas (Lair:5)
  An alligator snapping turtle (Shoals:1)
  5 peacekeepers
  3 merfolk aquamancers
  6 boulder beetles
  A dancing weapon (Elf:1)
  10 two-headed ogres
  A deep troll earth mage (D:15)
  11 naga warriors
  6 death yaks (Lair:5)
  A deep troll shaman (Lair:5)
  2 satyrs
  13 naga sharpshooters
  5 orc high priests (Orc:2)
  3 shock serpents
  Nergalle (D:10)
  2 fire crabs (Shoals:2)
  4 salamander mystics
  10 skysharks
  3 skeletal warriors (D:15)
  16 sea snakes
  3 arcanists
  8 mana vipers
  9 naga ritualists
  2 lindwurms
  7 harpies
  10 orc knights
  A necromancer (D:11)
  3 deep elf zephyrmancers (Elf:1)
  2 deep elf pyromancers
  21 ugly things
  14 fauns
  26 salamanders
  7 cyclopes
  14 manticores
  Maurice (D:9)
  An orc sorcerer (Orc:1)
  27 black mambas
  4 meliai
  14 elephants
  8 merfolk sirens
  2 moths of wrath (Lair:1)
  3 water nymphs (Shoals:4)
  2 kobold blastminers (Orc:2)
  6 guardian serpents
  2 spectral mana vipers (Snake:1)
  23 naga magi
  Joseph (D:8)
  11 cane toads
  An efreet (D:15)
  An unseen horror (D:12)
  11 komodo dragons
  A rime drake (Lair:3)
  An anaconda simulacrum (Snake:1)
  6 trolls
  2 polar bears
  20 blink frogs
  21 merfolk
  A spectral guardian serpent (Snake:1)
  4 wind drakes
  18 saltlings (Desolation)
  5 dream sheep
  A raiju (shapeshifter) (D:15)
  A glass eye (Lair:2)
  8 snapping turtles
  2 shadows
  68 yaks
  A naga simulacrum (Snake:1)
  A spectral black mamba (Snake:1)
  8 slime creatures
  11 water elementals
  A yak (shapeshifter) (D:14)
  2 vampires
  2 wyverns
  8 wraiths
  2 basilisks
  3 wargs
  21 vampire mosquitoes
  5 steam dragons
  Menkaure (D:4)
  43 nagas
  3 acid dragons
  Duvessa (D:4)
  14 water moccasins
  A spectral naga (Snake:1)
  Pargi (Sewer)
  2 ice beasts
  3 black bears
  51 orc warriors
  2 black mamba simulacra (Snake:1)
  16 wolves
  9 ogres
  3 centaurs (D:9)
  A phantom (D:5)
  4 kobold brigands
  9 bullfrogs
  4 scorpions
  8 wights
  Dowan (D:4)
  22 killer bees
  7 jellies
  8 howler monkeys
  2 electric eels (Lair:2)
  A bombardier beetle (D:7)
  2 hounds
  Crazy Yiuf (D:3)
  29 orc priests
  A gnoll bouda (D:7)
  2 iguanas (D:5)
  22 orc wizards
  2 polar bear simulacra (D:11)
  4 yak simulacra (D:11)
  2 wolf simulacra (D:11)
  Robin (D:3)
  7 gnolls
  14 adders
  6 dart slugs
  2 ribbon worms
  100 orcs
  4 endoplasms
  3 giant cockroaches
  16 hobgoblins
  3 jackals (D:2)
  A quokka (D:3)
  4 ball pythons
  6 bats
  5 frilled lizards
  23 goblins
  27 kobolds
  A rat (D:3)
  3 river rat simulacra (D:11)
1161 creatures vanquished.

Vanquished Creatures (others)
  A merfolk javelineer (Shoals:4)
  A peacekeeper (Desolation)
  2 naga sharpshooters (Snake:3)
  A naga mage (Snake:3)
  A naga (Snake:4)
6 creatures vanquished.

Grand Total: 1167 creatures vanquished

Notes
Turn   | Place    | Note
-------+----------+-------------------------------------------
     0 | D:1      | mainiacjoe the Minotaur Fighter began the quest for the
                  | Orb.
     0 | D:1      | Reached XP level 1. HP: 19/19 MP: 0/0
   355 | D:1      | Reached XP level 2. HP: 27/27 MP: 1/1
   995 | D:2      | Reached skill level 4 in Fighting
   995 | D:2      | Reached XP level 3. HP: 30/33 MP: 2/2
  1576 | D:2      | Reached XP level 4. HP: 40/40 MP: 3/3
  1974 | D:3      | Reached XP level 5. HP: 24/47 MP: 4/4
  2149 | D:3      | Found a runed translucent door.
  2150 | D:3      | Noticed Crazy Yiuf
  2375 | D:3      | Noticed Robin
  2390 | D:3      | Killed Robin
  2815 | D:4      | Noticed Menkaure
  3291 | D:4      | Noticed a black bear
  3300 | D:3      | Reached XP level 6. HP: 51/55 MP: 5/5
  3311 | D:3      | Reached skill level 5 in Fighting
  3311 | D:3      | Reached skill level 5 in Short Blades
  3311 | D:3      | Reached skill level 5 in Armour
  3311 | D:3      | Reached skill level 5 in Shields
  3682 | D:4      | Noticed Duvessa
  3682 | D:4      | Noticed Dowan
  3873 | D:5      | Entered Level 5 of the Dungeon
  3889 | D:5      | Found a snail-covered altar of Cheibriados.
  3930 | D:5      | Reached XP level 7. HP: 61/61 MP: 6/6
  4008 | D:5      | Found a staircase to the Ecumenical Temple.
  4223 | D:5      | Found Caqaajev's Armour Emporium.
  4280 | D:5      | Found an ornate altar of the Wu Jian Council.
  4429 | D:5      | Found an iron altar of Okawaru.
  4590 | D:5      | Reached skill level 6 in Fighting
  4747 | D:5      | Became a worshipper of Warmaster Okawaru
  4775 | D:6      | Reached XP level 8. HP: 49/70 MP: 7/7
  4812 | D:6      | Reached skill level 1 in Invocations
  4900 | D:6      | Found a broken altar of Ashenzari.
  5058 | D:6      | Found a glowing drain.
  5072 | Sewer    | Entered a sewer
  5105 | Sewer    | Noticed Pargi
  5110 | Sewer    | Killed Pargi
  5156 | Sewer    | Reached * piety under Okawaru
  5994 | D:7      | Reached skill level 7 in Fighting
  6204 | D:7      | Found a flagged portal.
  6227 | D:7      | Reached XP level 9. HP: 25/80 MP: 10/10
  6369 | Bailey   | Entered a bailey
  6693 | Bailey   | Reached ** piety under Okawaru
  6694 | Bailey   | Reached skill level 8 in Fighting
  6903 | Bailey   | Noticed an orc knight
  6932 | Bailey   | Killed an orc knight
  6933 | Bailey   | Reached skill level 10 in Short Blades
  7132 | Bailey   | Reached skill level 5 in Invocations
  7314 | Bailey   | Reached skill level 9 in Fighting
  7636 | Bailey   | Noticed an orc warlord
  7677 | Bailey   | Killed an orc warlord
  7678 | Bailey   | Reached skill level 10 in Fighting
  7678 | Bailey   | Reached XP level 10. HP: 49/93 MP: 13/13
  7939 | Bailey   | Acquired 947 gold pieces
  8004 | D:7      | Reached *** piety under Okawaru
  8572 | D:8      | Found a shimmering blue altar of Sif Muna.
  8623 | D:8      | Reached skill level 1 in Evocations
  9070 | D:8      | Identified the +1 flail of the Endless Expanse {flame, rF+
                  | rC+ Dex+4}
  9148 | D:8      | Reached skill level 5 in Dodging
  9246 | D:8      | Reached **** piety under Okawaru
  9337 | D:8      | Noticed Joseph
  9361 | D:8      | Killed Joseph
  9737 | D:9      | Noticed Maurice
  9749 | D:9      | Maurice stole a lightning rod (4/4)
  9755 | D:9      | Maurice stole a ring of protection from fire
  9762 | D:9      | Killed Maurice
  9763 | D:9      | Reached XP level 11. HP: 91/99 MP: 13/15
 10365 | D:9      | Found a shadowy altar of Dithmenos.
 10486 | D:10     | Entered Level 10 of the Dungeon
 10599 | D:10     | Noticed Josephine
 10619 | D:10     | Killed Josephine
 10631 | D:10     | Reached ***** piety under Okawaru
 10634 | D:10     | Noticed Nergalle
 11205 | D:10     | Received a gift from Okawaru
 11495 | D:10     | Noticed an orc knight
 11495 | D:10     | Noticed an orc knight
 11594 | D:10     | Found a blossoming altar of Fedhas.
 11742 | D:10     | Killed Nergalle
 11753 | D:10     | Reached skill level 5 in Evocations
 11928 | D:10     | Noticed Fannar
 12004 | D:10     | Killed an orc knight
 12005 | D:10     | Reached XP level 12. HP: 84/106 MP: 17/17
 12026 | D:10     | Killed Fannar
 12654 | D:4      | Found a shimmering altar of Xom.
 12823 | D:4      | Killed Menkaure
 12969 | D:4      | Found a shimmering altar of Xom.
 13108 | D:4      | Killed Dowan
 13166 | D:4      | Killed Duvessa
 13454 | D:11     | Noticed a two-headed ogre
 13472 | D:11     | Killed a two-headed ogre
 13473 | D:11     | Reached skill level 10 in Armour
 13473 | D:11     | Reached skill level 10 in Dodging
 13575 | D:11     | Identified the staff "Hattelay" {rC+ Necro Ice}
 13609 | D:11     | Found a staircase to the Orcish Mines.
 13791 | D:11     | Noticed a two-headed ogre
 13829 | D:11     | Killed a two-headed ogre
 13830 | D:11     | Reached skill level 1 in Long Blades
 13830 | D:11     | Reached skill level 1 in Throwing
 13947 | D:11     | Found a staircase to the Lair.
 14249 | D:11     | Noticed a two-headed ogre
 14270 | D:11     | Killed a two-headed ogre
 14270 | D:11     | Received a gift from Okawaru
 14943 | D:11     | Noticed a boulder beetle
 14962 | D:11     | Killed a boulder beetle
 15132 | Lair:1   | Entered Level 1 of the Lair of Beasts
 15518 | Lair:1   | Found a transporter.
 15521 | Lair:1   | Noticed Vew Pil's ghost (journeyman DrSh)
 15550 | Lair:1   | Found a transporter.
 16121 | Lair:1   | Received a gift from Okawaru
 16234 | Lair:2   | Reached XP level 13. HP: 88/113 MP: 19/19
 17090 | Lair:2   | Found a staircase to the Snake Pit.
 17347 | Lair:2   | Found a staircase to the Shoals.
 17395 | Lair:2   | Received a gift from Okawaru
 17938 | Lair:3   | Reached skill level 5 in Long Blades
 17943 | Lair:3   | Reached ****** piety under Okawaru
 17962 | Lair:3   | Acquired the +6 crystal plate armour of Weightlessness
                  | {Rampage +Blink Dex+3}
 17962 | Lair:3   | Received a gift from Okawaru
 18219 | Lair:3   | Reached skill level 10 in Invocations
 18353 | Lair:3   | Received a gift from Okawaru
 18354 | Lair:3   | Reached skill level 10 in Shields
 19029 | Lair:3   | Reached skill level 5 in Throwing
 19114 | Lair:4   | Found a staircase to the Slime Pits.
 19454 | Lair:4   | Received a gift from Okawaru
 19740 | Lair:5   | Entered Level 5 of the Lair of Beasts
 20349 | Lair:5   | Reached XP level 14. HP: 107/121 MP: 13/20
 20510 | Lair:5   | Reached skill level 10 in Evocations
 21403 | Lair:5   | Received a gift from Okawaru
 21665 | Lair:5   | Identified the +7 hand axe "Uwujotow" {flame, Dex+3}
 21666 | Lair:5   | Acquired the +1 double sword "Wuer Xikh" {heavy, +Blink
                  | Dex+4}
 21666 | Lair:5   | Received a gift from Okawaru
 22070 | Orc:1    | Entered Level 1 of the Orcish Mines
 22449 | Orc:1    | Reached skill level 10 in Throwing
 22514 | Orc:1    | Found a burning altar of Makhleb.
 22674 | Orc:1    | Noticed Snorg
 22677 | Orc:1    | Snorg changed into Snorg the meliai
 22677 | Orc:1    | Noticed Snorg
 22681 | Orc:1    | Killed Snorg the meliai
 22829 | Orc:2    | Entered Level 2 of the Orcish Mines
 22879 | Orc:2    | Found a staircase to the Elven Halls.
 22923 | Orc:2    | Found Bicun's General Store.
 22929 | Orc:2    | Bought a scroll of blinking for 97 gold pieces
 23114 | Orc:2    | Found Umyamp's General Store.
 23572 | Orc:2    | Received a gift from Okawaru
 24135 | Orc:2    | Reached skill level 11 in Fighting
 24579 | Orc:2    | Found Worewe's Armour Boutique.
 24582 | Orc:2    | Found Zis Hois's Antique Armour Boutique.
 24583 | Orc:2    | Found Nochod's General Store.
 24584 | Orc:2    | Found Hypt's Armour Shop.
 24786 | Orc:2    | Bought the +2 quick blade of Waot {holy, *Corrode Str+6}
                  | for 663 gold pieces
 24843 | Orc:2    | Bought a throwing net for 45 gold pieces
 24843 | Orc:2    | Bought a scroll of revelation for 112 gold pieces
 24897 | Orc:2    | Bought a wand of digging (6) for 327 gold pieces
 24897 | Orc:2    | Bought a potion of heal wounds for 65 gold pieces
 24897 | Orc:2    | Bought an amulet of reflection for 390 gold pieces
 24897 | Orc:2    | Bought a potion of heal wounds for 65 gold pieces
 24897 | Orc:2    | Bought a scroll of vulnerability for 52 gold pieces
 25208 | Orc:2    | Bought a scroll of identify for 26 gold pieces
 25569 | D:12     | Received a gift from Okawaru
 25851 | D:12     | Reached skill level 12 in Fighting
 26232 | D:13     | Reached skill level 10 in Long Blades
 26271 | D:13     | Reached XP level 15. HP: 107/132 MP: 21/21
 26591 | D:13     | Received a gift from Okawaru
 26836 | D:13     | Found a gate to the Vaults.
 27286 | D:14     | Found a flickering gateway to a bazaar.
 27325 | Bazaar   | Entered a bazaar
 27325 | Bazaar   | Found Ovagikh's Distillery.
 27325 | Bazaar   | Found Gosont's Magic Scroll Shoppe.
 27325 | Bazaar   | Found Racuad's Armour Shop.
 27325 | Bazaar   | Found Haugram's Jewellery Shoppe.
 27327 | Bazaar   | Found Cito's Distillery.
 27394 | Bazaar   | Bought a potion of berserk rage for 55 gold pieces
 27394 | Bazaar   | Bought 2 potions of haste for 220 gold pieces
 27394 | Bazaar   | Bought a potion of resistance for 110 gold pieces
 27402 | Bazaar   | Bought a ring of see invisible for 165 gold pieces
 27405 | Bazaar   | Bought a scroll of enchant armour for 97 gold pieces
 27405 | Bazaar   | Bought a scroll of fog for 52 gold pieces
 27405 | Bazaar   | Bought a scroll of immolation for 52 gold pieces
 27405 | Bazaar   | Bought a scroll of fear for 52 gold pieces
 27405 | Bazaar   | Bought 2 scrolls of poison for 104 gold pieces
 27410 | Bazaar   | Bought a potion of invisibility for 88 gold pieces
 27410 | Bazaar   | Bought a potion of curing for 33 gold pieces
 27416 | Bazaar   | Bought a potion of mutation for 72 gold pieces
 27416 | Bazaar   | Bought a potion of mutation for 72 gold pieces
 27416 | Bazaar   | Bought a potion of cancellation for 72 gold pieces
 27416 | Bazaar   | Bought a potion of enlightenment for 45 gold pieces
 27416 | Bazaar   | Bought a potion of heal wounds for 45 gold pieces
 27416 | Bazaar   | Bought a potion of might for 36 gold pieces
 27416 | Bazaar   | Bought a potion of might for 36 gold pieces
 27488 | D:14     | Noticed Louise
 27507 | D:14     | Killed Louise
 27696 | D:14     | Received a gift from Okawaru
 27697 | D:14     | Reached skill level 13 in Fighting
 28215 | D:14     | Found an ornate altar of the Wu Jian Council.
 28325 | D:15     | Entered Level 15 of the Dungeon
 28763 | D:15     | Received a gift from Okawaru
 28926 | D:15     | Found a staircase to the Depths.
 29534 | Arena    | Entered the Arena
 29556 | Arena    | Killed Vew Pil's ghost
 29593 | Lair:1   | Received a gift from Okawaru
 30692 | D:3      | Killed Crazy Yiuf
 30948 | Shoals:1 | Entered Level 1 of the Shoals
 31192 | Lair:2   | Reached XP level 16. HP: 114/145 MP: 22/22
 31202 | Lair:2   | Reached skill level 14 in Fighting
 31960 | Shoals:1 | Received a gift from Okawaru
 33078 | Shoals:2 | Reached skill level 15 in Fighting
 33949 | Shoals:3 | Received a gift from Okawaru
 33975 | Shoals:3 | Found a flickering gateway to a bazaar.
 34000 | Bazaar   | Entered a bazaar
 34072 | Bazaar   | Found Iseaq's Magic Scroll Shoppe.
 34072 | Bazaar   | Found Miucyci's Weapon Emporium.
 34094 | Bazaar   | Found Qeniha's Assorted Antiques.
 34094 | Bazaar   | Found Awubo's Jewellery Emporium.
 34206 | Bazaar   | Bought the amulet "Zacah" {Spirit rPois Str+3} for 380 gold
                  | pieces
 34238 | Bazaar   | Bought a potion of might for 76 gold pieces
 34293 | Shoals:3 | Reached skill level 16 in Fighting
 34896 | Shoals:4 | Entered Level 4 of the Shoals
 35157 | Shoals:4 | Reached XP level 17. HP: 64/160 MP: 16/23
 35168 | Shoals:4 | Got a barnacled rune of Zot
 35910 | Shoals:4 | Received a gift from Okawaru
 35945 | Shoals:4 | Reached skill level 17 in Fighting
 36151 | Shoals:4 | Found Dieg's Jewellery Boutique.
 36376 | Snake:1  | Entered Level 1 of the Snake Pit
 36771 | Snake:1  | Found a runed translucent gate.
 36771 | Snake:1  | Found a runed translucent gate.
 36772 | Snake:1  | Found a runed translucent gate.
 36777 | Snake:1  | Noticed TheBioAlchemist's ghost (journeyman OpSh)
 37415 | Snake:1  | Found an ancient bone altar of Kikubaaqudgha.
 37985 | Snake:1  | Killed TheBioAlchemist's ghost
 37998 | Snake:1  | Identified the +0 robe of Xofouvow {rC+}
 38568 | Snake:2  | Reached skill level 18 in Fighting
 38568 | Snake:2  | Reached skill level 15 in Armour
 38854 | Snake:2  | Received a gift from Okawaru
 39288 | Snake:3  | Reached skill level 15 in Shields
 39745 | Snake:3  | Received a gift from Okawaru
 40143 | Snake:3  | Reached skill level 19 in Fighting
 40268 | Snake:3  | Reached XP level 18. HP: 160/176 MP: 18/24
 40658 | Snake:4  | Entered Level 4 of the Snake Pit
 40702 | Snake:4  | Received a gift from Okawaru
 40951 | Snake:4  | Found a runed translucent gate.
 40952 | Snake:4  | Found a runed translucent gate.
 40954 | Snake:4  | Found a runed translucent gate.
 40954 | Snake:4  | Noticed Hirghin's ghost (adept DrBe)
 40955 | Snake:4  | Noticed Dadghomedgh's ghost (adept GnHW)
 40955 | Snake:4  | Noticed Razfen's ghost (adept GnWn)
 42078 | Snake:4  | Reached skill level 20 in Fighting
 42195 | Snake:4  | Received a gift from Okawaru
 42785 | Snake:4  | Got a serpentine rune of Zot
 43261 | Elf:1    | Entered Level 1 of the Elven Halls
 43309 | Elf:1    | Noticed Norris
 43326 | Elf:1    | Killed Norris
 43348 | Elf:1    | Found a crumbling gateway.
 43351 | Elf:1    | Received a gift from Okawaru
 43457 | Desolati | Entered the Desolation of Salt
 44235 | Desolati | HP: 3/160 [halazid warlock/ghostly fireball (37)]
 44235 | Desolati | Mangled by a saltling

Illustrated notes

Levels and vault maps discovered:
D:1:      dpeg_cavernosity, layout_loops_ring
D:2:      layout_loops_ring
D:3:      layout_basic, uniq_robin, uniq_crazy_yiuf_cottage
D:4:      layout_rooms, xom_teletrap_fun, uniq_duvessa, uniq_menkaure
D:5:      layout_basic, mainiacjoe_overflow_brackets, kennysheep_mini_moat,
          mainiacjoe_overflow_surrounded_room, minmay_temple_entry_fiery,
          serial_shops, nicolae_shop_window_shopping
D:6:      layout_cave_pools, mainiacjoe_overflow_boulevard,
          cheibrodos_sewer_entry_bend, hangedman_decor_opposing,
          serial_bayou_ford_a
D:7:      layout_rooms, enter_bailey_2, minmay_misc_feat_enclosed,
          nicolae_benzene_ring
D:8:      layout_gridville, lemuel_tele_altar, uniq_joseph
D:9:      layout_roguey, grunt_dithmenos_shadows, minmay_diced_spiral,
          uniq_maurice
D:10:     layout_loops_ring, marbit_many_paths, minivault_24,
          lightli_church_of_beogh, uniq_fannar, uniq_josephine, uniq_nergalle
D:11:     layout_loops_ring, erik_lair_orcish_takeover, david_orc_3,
          eino_house_with_fridge
D:12:     layout_layer_cave
D:13:     layout_loops_ring, david_vaults_2
D:14:     layout_long_grid, serial_shops, bzr_entry_dummy,
          nzn_wu_jian_council_hall, uniq_louise
D:15:     hellmonk_depths_entry_around_the_bend, layout_grid_maze,
          chequers_serial_rivers_room_a
Lair:1:   layout_loops_ring, gammafunk_ghost_berserking_beasts
Lair:2:   layout_long_grid, minmay_shoals_entry_hut, alex1729_snake_entry_snake,
          infiniplex_staircase_pool
Lair:3:   layout_layer_cave, chequers_serial_rivers_room_b,
          chequers_serial_rivers_large_a, lemuel_fruit_fields
Lair:4:   layout_hall_layers, nicolae_slime_entry_field_trip,
          chequers_serial_rivers_small_a, lemuel_fruit_tree
Lair:5:   grunt_lair_end_beastmaster, layout_gridlike
Shoals:1: layout_shoals, nicolae_shoals_pincushion_passage
Shoals:2: layout_shoals, hangedman_shoal_volcano, uniq_polyphemus
Shoals:3: layout_shoals, serial_shops, bzr_entry_dummy
Shoals:4: shoals_end_simple, layout_shoals, serial_shops,
          nicolae_shop_gaudy_bauble, nicolae_shoals_arrival_archipelago
Snake:1:  layout_gridlike, basic_altar, gammafunk_ghost_necromancy
Snake:2:  kennysheep_six_static_rooms, layout_gridlike,
          nicolae_snake_gridmaze_big_u
Snake:3:  layout_onion_interference, nicolae_snake_magic_snake_eye,
          nicolae_integral_box
Snake:4:  johnstein_snake_rune_scales, layout_chambers, gammafunk_ghost_cemetery
Orc:1:    layout_diamond_mine, basic_altar, bloody_makhleb, uniq_snorg
Orc:2:    st_orc_pillars, layout_caves, serial_shops,
          nicolae_shop_advertising_works [nicolae_subvault_shop_adworks],
          nicolae_shop_statue_plus
Elf:1:    eino_elf_arrival_shootout, layout_gridlike,
          portal_desolation_entry_twin_temple, minmay_elf_annihilation,
          uniq_norris
Desolation

Skill      XL: |  1  2  3  4  5  6  7  8  9 10 11 12 13 14 15 16 17 18 |
---------------+-------------------------------------------------------+-----
Fighting       | 4 5 6 7 10 12 13 16 19 20 | 20.0
Short Blades   | 3 4 5 6 8 10 | 10.0
Armour         | 4 5 6 7 9 10 13 16 19 | 19.0
Shields        | 4 5 6 8 10 12 13 15 17 | 17.6
Invocations    | 3 6 7 8 9 10 | 10.0
Dodging        | 2 6 9 10 | 10.0
Evocations     | 3 5 7 9 10 | 10.0
Long Blades    | 4 7 10 13 14 | 14.6
Throwing       | 3 6 10 | 10.0

Action                     |  1- 3 |  4- 6 |  7- 9 | 10-12 | 13-15 | 16-18 || total
---------------------------+-------+-------+-------+-------+-------+-------++-------
  Melee: Rapier            |    92 |   156 |   241 |       |       |       ||   489
         Headbutt          |    14 |    26 |    98 |   271 |   434 |   342 ||  1185
         Dagger            |       |       |   192 |       |       |       ||   192
         Short sword       |       |       |    34 |  1062 |   930 |       ||  2026
         Double sword      |       |       |       |       |   560 |  1172 ||  1732
         Quick blade       |       |       |       |       |    99 |   121 ||   220
         Scimitar          |       |       |       |       |    16 |       ||    16
   Fire: Sling             |       |       |       |    27 |       |       ||    27
  Throw: Stone             |    16 |       |       |     4 |       |       ||    20
         Dart              |    15 |       |    13 |   100 |   241 |    52 ||   421
         Boomerang         |       |       |    66 |   102 |       |    36 ||   204
         Javelin           |       |       |       |       |     2 |    12 ||    14
         Throwing net      |       |       |       |       |       |     1 ||     1
 Invoke: Heroism           |       |       |     9 |     5 |     4 |     6 ||    24
         Finesse           |       |       |       |     5 |     8 |    10 ||    23
         Receive Armour    |       |       |       |       |     1 |       ||     1
         Receive Weapon    |       |       |       |       |     1 |       ||     1
         Duel              |       |       |       |       |     1 |       ||     1
Ability: Evoke Blink       |       |       |       |       |     2 |     1 ||     3
  Evoke: Wand              |       |       |     3 |     4 |    10 |     6 ||    23
         Lightning rod     |       |       |       |    10 |    12 |     6 ||    28
    Use: Scroll            |     3 |     3 |     9 |     7 |     7 |     8 ||    37
         Potion            |       |     1 |     3 |       |     1 |     1 ||     6
   Stab: Sleeping          |       |       |     2 |       |     1 |       ||     3
         Distracted        |       |       |       |     1 |     1 |       ||     2
 Armour: Scale mail        |    51 |   118 |       |       |       |       ||   169
         Ring mail         |       |     1 |    67 |       |       |       ||    68
         Acid dragon scale |       |       |   128 |   293 |    50 |       ||   471
         Plate armour      |       |       |       |    18 |       |       ||    18
         Crystal plate arm |       |       |       |       |   701 |   623 ||  1324
  Dodge: Dodged            |    37 |    68 |   132 |   404 |   515 |   357 ||  1513
         Repelled          |       |       |       |       |     5 |     2 ||     7
  Block: Buckler           |    18 |    39 |    81 |   105 |       |       ||   243
         Kite shield       |       |       |       |    96 |   798 |       ||   894
         Tower shield      |       |       |       |       |   328 |  2021 ||  2349
         Reflection        |       |       |       |       |    12 |   183 ||   195
